 Dungeon Crawl Stone Soup version 0.28.0-45-g0d030f2227 (webtiles) character file.

Game seed: 5939471058354211232

53 ImHallYall the Covered (level 3, -3/29 HPs)
             Began as a Vampire Fighter on Apr 7, 2022.
             Was a Believer of Kikubaaqudgha.
             Slain by a gnoll
             ... wielding a +0 flail
              (8 damage)
             ... on level 2 of the Dungeon.
             The game lasted 00:04:52 (1270 turns).

ImHallYall the Covered (Vampire Fighter)            Turns: 1270, Time: 00:04:52

Health: -3/29      AC:  6    Str: 15    XL:     3   Next: 64%
Magic:  3/3        EV:  8    Int: 12    God:    Kikubaaqudgha [**....]
Gold:   59         SH:  4    Dex: 13    Spells: 2/2 levels left

rFire   . . .      SeeInvis +   f - +0 falchion
rCold   . . .      Faith    .   b - +0 buckler
rNeg    . . .      Spirit   .   a - +0 scale mail
rPois   .          Reflect  .   (no helmet)
rElec   .          Harm     .   (no cloak)
rCorr   .          Rampage  .   (no gloves)
Will    .....                   (no boots)
Stlth   ..........              (no amulet)
HPRegen 0.29/turn               (no ring)
MPRegen 0.08/turn               (no ring)

@: healing quickly
A: alive, fangs 3, see invisible, vampiric 2
a: Exsanguinate, Renounce Religion, Receive Corpses


You were on level 2 of the Dungeon.
You worshipped Kikubaaqudgha.
Kikubaaqudgha was pleased with you.
You visited 1 branch of the dungeon, and saw 2 of its levels.

You collected 59 gold pieces.

Inventory:

Hand Weapons
 d - a +0 club
 f - a +0 falchion (weapon)
 g - a +0 spear
Missiles
 l - 2 atropa-tipped darts
 m - 5 javelins (quivered)
Armour
 a - a +0 scale mail (worn)
 b - a +0 buckler (worn)
 i - a +0 ring mail
Scrolls
 n - a scroll of teleportation {unknown}
Potions
 c - a potion of might
 h - a potion of attraction {unknown}
 k - a potion of heal wounds {unknown}


   Skills:
 + Level 3.0 Fighting
 + Level 0.2 Long Blades
 + Level 0.1 Maces & Flails
 + Level 0.5 Polearms
 + Level 3.1 Armour
 + Level 3.0 Shields
 + Level 2.5 Unarmed Combat


You had 2 spell levels left.
You didn't know any spells.
Your spell library contained the following spells:

 Spells                   Type           Power      Damage    Failure   Level
 Animate Skeleton         Necr           0%         N/A       86%         1
 Pain                     Necr           0%         1d4       86%         1
 Corpse Rot               Necr/Air       0%         N/A       94%         2
 Agony                    Necr           0%         N/A       100%        5


Dungeon Overview and Level Annotations

Branches:
Dungeon (2/15)

Altars:
Kikubaaqudgha


Innate Abilities, Weirdness & Mutations

Your natural rate of healing is accelerated.
You have razor-sharp teeth.
You have supernaturally acute eyesight. (SInv)
You are afflicted with vampirism and can become a bat while bloodless.


Message History

You barely miss the gnoll. You bite the gnoll, but do no damage.
The gnoll is almost dead.
The adder bites you but does no damage.
The gnoll hits you from afar with a +0 spear.
The gnoll barely misses you.
An adder comes into view.
You block the gnoll's attack. The rat bites you but does no damage.
You block the adder's attack.
The adder hisses angrily.
You hit the gnoll but do no damage.
The gnoll is almost dead.
The gnoll hits you from afar with a +0 spear.
The gnoll barely misses you. The gnoll hits you but does no damage.
You block the rat's attack.
The hobgoblin hits you but does no damage.
You block the adder's attack.
The gnoll hits you but does no damage. x2
The gnoll hits you with a +0 flail. The rat bites you.
You hit the gnoll.
You kill the gnoll!
Kikubaaqudgha accepts your kill. You block the adder's attack.
The hobgoblin hits you.
The gnoll hits you from afar with a +0 spear.
The adder barely misses you. The gnoll barely misses you.
The rat bites you but does no damage. The adder bites you but does no damage.
The hobgoblin hits you.
Your Armour skill increases to level 3!
You closely miss the gnoll. The adder bites you. The adder barely misses you.
The gnoll hits you but does no damage. The gnoll closely misses you.
The rat bites you but does no damage. You block the hobgoblin's attack.
The adder barely misses you. You block the adder's attack.
You slash the gnoll!
The gnoll is heavily wounded.
The gnoll hits you but does no damage. The gnoll hits you with a +0 flail.
* * * LOW HITPOINT WARNING * * *
The rat bites you but does no damage. The adder bites you but does no damage.
The hobgoblin barely misses you. The adder bites you but does no damage.
You block the gnoll's attack. The rat barely misses you.
The adder closely misses you. The gnoll hits you with a +0 flail!
You die...
Kikubaaqudgha rasps: "You have failed me!
Welcome... death!"

.## . # .. # ..#.
#.# ##.
#.".##.########
#...##(:.#........#
#...#. #..........#
.(..###.S.......#
......r@......#
##.##.gSg.....#
#.....g......#
#.^.#........#
###.##.........# .
##...#..######### .
#...>..##
#.###..##### #
#.##..##


You could see 2 gnolls, 2 adders, a hobgoblin and a rat.

Vanquished Creatures
  A gnoll (D:2)
  2 dart slugs
  A bat (D:2)
  4 endoplasms
  2 giant cockroaches
  5 goblins (D:1)
  2 hobgoblins
  6 jackals
  A quokka (D:1)
  3 ball pythons
  2 frilled lizards (D:1)
  3 kobolds
  3 rats
35 creatures vanquished.

Notes
Turn   | Place    | Note
-------+----------+-------------------------------------------
     0 | D:1      | ImHallYall the Vampire Fighter began the quest for the Orb.
     0 | D:1      | Reached XP level 1. HP: 17/17 MP: 1/1
    79 | D:1      | Found a faded altar of an unknown god.
    91 | D:1      | Prayed at the altar of an unknown god.
    91 | D:1      | Became a worshipper of Kikubaaqudgha
    91 | D:1      | Reached * piety under Kikubaaqudgha
    91 | D:1      | Received a gift from Kikubaaqudgha
   129 | D:1      | Reached XP level 2. HP: 17/23 MP: 2/2
   957 | D:2      | Gained mutation: You are afflicted with vampirism and can
                  | become a bat while bloodless. [Vampire growth]
   957 | D:2      | Reached XP level 3. HP: 18/28 MP: 3/3
  1201 | D:2      | Reached ** piety under Kikubaaqudgha
  1270 | D:2      | Slain by a gnoll

Illustrated notes

Levels and vault maps discovered:
D:1:      dpeg_arrival_refuge, layout_basic, basic_ecumenical_altar
D:2:      layout_rooms, minmay_misc_feat_alley, minmay_tetromino_t4

Skill      XL: |  1  2  3 |
---------------+----------+-----
Fighting       | 3 |  3.0
Shields        | 3 |  3.0
Armour         | 3 |  3.1
Long Blades    | |  0.2
Maces & Flails | |  0.1
Polearms       | |  0.5
Unarmed Combat | |  2.5

Action                   || total
-------------------------++-------
Melee: Club              ||    21
       Unarmed           ||     7
       Bite              ||    10
       Spear             ||    50
       Falchion          ||    43
  Use: Scroll            ||     2
       Potion            ||     2
Armor: Scale mail        ||    64
Dodge: Dodged            ||    64
Block: Buckler           ||    38
